 Dungeon Crawl Stone Soup version 0.25-a0-292-gaa31f046c4 (webtiles) character file.

Game seed: 12661772788858176675, levelgen mode: classic

8786 Borgoz the Blocker (level 11, -2/71 HPs)
             Began as a Gargoyle Fighter on Dec 16, 2019.
             Was a High Priest of Okawaru.
             Killed from afar by a rime drake (13 damage)
             ... with a flash freeze
             ... on level 11 of the Dungeon.
             The game lasted 00:20:18 (9692 turns).

Borgoz the Blocker (Gargoyle Fighter)               Turns: 9692, Time: 00:20:18

Health: -2/71      AC: 19    Str: 21    XL:     11   Next: 36%
Magic:  13/13      EV: 11    Int: 10    God:    Okawaru [*****.]
Gold:   686        SH: 12    Dex: 17    Spells: 9/10 levels left

rFire    . . .     SeeInvis .   a - +1 flail
rCold    . . .     Gourm    .   c - +0 shield
rNeg     + . .     Faith    .   b - +0 scale mail
rPois    ∞         Spirit   .   (no helmet)
rElec    +         Reflect  .   (no cloak)
rCorr    .         Harm     .   o - +0 pair of gloves
MR       .....                  I - +0 pair of boots
Stlth    ..........             e - amulet of the acrobat
HPRegen  0.21/turn              u - +2 ring of strength
MPRegen  0.13/turn              A - +5 ring of dexterity

@: no status effects
A: negative energy resistance 1, electricity resistance, unbreathing,
petrification resistance, rot immunity, AC +8
a: Heroism, Finesse, Renounce Religion


You were on level 11 of the Dungeon.
You worshipped Okawaru.
Okawaru was extremely pleased with you.
You were not hungry.

You visited 2 branches of the dungeon, and saw 12 of its levels.

You collected 686 gold pieces.

Inventory:

Hand Weapons
 a - a +1 flail (weapon)
Armour
 b - a +0 scale mail (worn)
 c - a +0 shield (worn)
 o - a +0 pair of gloves (worn)
 I - a +0 pair of boots (worn)
Jewellery
 e - an amulet of the acrobat (around neck)
 g - an uncursed ring of protection from cold
 p - an uncursed ring of resist corrosion
 u - a +2 ring of strength (left hand)
 A - a +5 ring of dexterity (right hand)
Wands
 l - a wand of clouds (3)
 r - a wand of polymorph (15)
 s - a wand of scattershot (5)
 t - a wand of paralysis (10)
 v - a wand of acid (4)
 D - a wand of iceblast (5)
 H - a wand of flame (8)
Scrolls
 h - 3 scrolls of enchant armour
 i - 4 scrolls of remove curse
 m - 7 scrolls of teleportation
 n - a scroll of amnesia
 x - a scroll of fog
 G - 3 scrolls of fear
 K - 2 scrolls of enchant weapon
Potions
 d - a potion of cancellation
 j - a potion of mutation
 k - 4 potions of haste
 q - 3 potions of curing
 w - a potion of heal wounds {unknown}
 z - a potion of magic {unknown}
 B - a potion of might
 J - a potion of flight {unknown}
Comestibles
 f - 15 rations
 C - 10 chunks of flesh


   Skills:
 * Level 9.2 Fighting
 * Level 8.1 Maces & Flails
 * Level 9.2 Armour
 + Level 4.4 Dodging
 * Level 9.3 Shields
 + Level 3.1 Hexes
 + Level 3.8 Invocations


You had 9 spell levels left.
You knew the following spells:

 Your Spells              Type           Power        Failure   Level  Hunger
a - Confusing Touch       Hex            #.....       45%         1    ##.....

Your spell library contained the following spells:

 Spells                   Type           Power        Failure   Level  Hunger
 Animate Skeleton         Necr           N/A          88%         1    ##.....
 Apportation              Tloc           #.....       88%         1    ##.....
 Pain                     Necr           #...         88%         1    ##.....
 Summon Small Mammal      Summ           #...         88%         1    ##.....
 Regeneration             Chrm/Necr      #.........   99%         3    ####...
 Vampiric Draining        Necr           #.........   99%         3    ####...
 Animate Dead             Necr           N/A          100%        4    #####..


Dungeon Overview and Level Annotations

Branches:
Dungeon (11/15)            Temple (1/1) D:6            Lair (0/6) D:9
    Orc: D:9-12

Altars:
Ashenzari
Cheibriados
Dithmenos
Elyvilon
Fedhas
Gozag
Hepliaklqana
Kikubaaqudgha
Makhleb
Nemelex Xobeh
Okawaru
Qazlal
Ru
Sif Muna
Trog
Uskayaw
Vehumet
Wu Jian
Xom
Yredelemnul
Zin
The Shining One


Innate Abilities, Weirdness & Mutations

You are resistant to torment.
Your stone body is resilient. (AC +8)
You are immune to poison.
You resist negative energy. (rN+)
You are resistant to electric shocks. (rElec)
You can survive without breathing.
You are immune to petrification.
You are immune to rotting.


Message History

The rime drake is lightly wounded.
An orc warrior comes into view. It is wielding a +2 mace of pain.
The rime drake barely misses you.
Throwing (i - inventory)
M - a throwing net (quivered)
Press: ? - help, Shift-Dir - straight line, f - rime drake
Aim: a rime drake (lightly wounded, catching its breath)
You throw a throwing net. The throwing net hits the rime drake.
The rime drake is caught in the net!
The rime drake is lightly wounded.
The orc warrior shouts!
The ice encasing you melts away.
The rime drake struggles against the net.
You hit the rime drake.
The rime drake is lightly wounded.
The rime drake struggles against the net.
You thump the rime drake!
The rime drake is moderately wounded.
The rime drake breathes ice at you. The flash freeze hits you!
You die...

..##.# .....
#..#.# ....#
#≈.#.# ..≈.
#≈.#.# ...
#≈.#.#
.o#####≈.#.#
..≈≈≈≈≈...#
#kk...###.#
#@#..# #(#
#....# #)#
###..####(#
#.......#
#.......#
#....#..# #
##.....## #
#> ##.).##
<# #.. #...#
..#


You could see 2 rime drakes and an orc warrior.

Vanquished Creatures
  3 two-headed ogres
  A cyclops (D:11)
  A gargoyle (D:11)
  A merfolk (D:9)
  A hornet (D:11)
  Grinder (D:4)
  A hippogriff (D:8)
  A wraith (D:10)
  Sigmund (D:3)
  A hungry ghost (D:10)
  A soldier ant (D:11)
  Duvessa (D:7)
  4 black bears
  2 porcupines (D:9)
  3 ice beasts
  3 orc warriors
  4 sky beasts
  A necrophage (D:8)
  3 ogres
  2 phantoms
  An eye of draining (D:10)
  3 centaurs (D:8)
  A crocodile (D:10)
  A big kobold (D:10)
  2 bullfrogs
  Dowan (D:7)
  A wyvern skeleton (D:5)
  4 scorpions
  10 killer bees
  2 howler monkeys (D:11)
  3 crimson imps
  A quasit (D:10)
  4 orc priests
  10 hounds
  5 orc wizards
  4 bullfrog skeletons
  Jessica (D:4)
  An iguana (D:8)
  11 worker ants
  A howler monkey skeleton (D:9)
  12 adders
  A gnoll (D:1)
  2 worker ant zombies
  2 shadow imps
  An ooze (D:5)
  3 adder zombies
  3 worms
  3 dart slugs
  7 leopard geckos
  40 orcs
  2 ball pythons (D:4)
  A giant cockroach (D:3)
  4 goblins
  12 hobgoblins
  9 jackals
  14 kobolds
  8 quokkas
  10 bats
  7 frilled lizards
  A jackal zombie (D:9)
  A quokka skeleton (D:5)
  15 rats
261 creatures vanquished.

Notes
Turn   | Place    | Note
-------+----------+-------------------------------------------
     0 | D:1      | Borgoz the Gargoyle Fighter began the quest for the Orb.
     0 | D:1      | Reached XP level 1. HP: 14/14 MP: 1/1
    70 | D:1      | Reached XP level 2. HP: 16/19 MP: 2/2
   483 | D:1      | Reached XP level 3. HP: 17/23 MP: 3/3
  1405 | D:2      | Found a burning altar of Makhleb.
  1538 | D:2      | Reached XP level 4. HP: 19/29 MP: 4/4
  1980 | D:2      | Found a glowing golden altar of the Shining One.
  2095 | D:3      | Noticed Sigmund
  2115 | D:3      | Killed Sigmund
  2115 | D:3      | Reached skill level 1 in Dodging
  2115 | D:3      | Reached XP level 5. HP: 24/34 MP: 5/5
  2115 | D:3      | Reached XP level 6. HP: 27/39 MP: 6/6
  2901 | D:3      | Noticed Jessica
  3274 | D:4      | Reached skill level 5 in Shields
  3308 | D:4      | Reached XP level 7. HP: 13/44 MP: 7/7
  3320 | D:4      | Reached skill level 5 in Fighting
  3320 | D:4      | Reached skill level 5 in Armour
  3581 | D:4      | Found a bloodstained altar of Trog.
  3636 | D:4      | Noticed Grinder
  3640 | D:4      | Paralysed by Grinder for 5 turns
  3656 | D:4      | Paralysed by Grinder for 2 turns
  3661 | D:4      | Killed Grinder
  3661 | D:4      | Reached XP level 8. HP: 33/50 MP: 8/8
  3995 | D:5      | Entered Level 5 of the Dungeon
  4064 | D:4      | Killed Jessica
  4233 | D:5      | Reached skill level 5 in Maces & Flails
  4556 | D:5      | Found a glowing silver altar of Zin.
  4616 | D:5      | Found a hazy altar of Hepliaklqana.
  4953 | D:6      | Found a staircase to the Ecumenical Temple.
  4974 | Temple   | Entered the Ecumenical Temple
  5219 | Temple   | Became a worshipper of Warmaster Okawaru
  5344 | D:6      | Reached XP level 9. HP: 44/56 MP: 9/9
  6213 | D:7      | Reached * piety under Okawaru
  6220 | D:7      | Learned a level 1 spell: Confusing Touch
  6354 | D:7      | Noticed Dowan
  6355 | D:7      | Noticed Duvessa
  6558 | D:7      | Killed Duvessa
  6558 | D:7      | Reached skill level 1 in Invocations
  6572 | D:7      | Killed Dowan
  6796 | D:8      | Reached skill level 1 in Hexes
  6873 | D:8      | Reached ** piety under Okawaru
  6984 | D:8      | Reached XP level 10. HP: 59/64 MP: 11/11
  7414 | D:9      | Reached *** piety under Okawaru
  7429 | D:9      | Found a staircase to the Lair.
  7718 | D:9      | Noticed a two-headed ogre
  7727 | D:9      | Killed a two-headed ogre
  8316 | D:9      | Noticed a two-headed ogre
  8321 | D:9      | Killed a two-headed ogre
  8321 | D:9      | Reached **** piety under Okawaru
  8697 | D:10     | Entered Level 10 of the Dungeon
  8803 | D:10     | Noticed a two-headed ogre
  8823 | D:10     | Killed a two-headed ogre
  8823 | D:10     | Reached ***** piety under Okawaru
  8823 | D:10     | Reached XP level 11. HP: 9/69 MP: 0/13
  9557 | D:11     | Noticed a cyclops
  9613 | D:11     | Killed a cyclops
  9692 | D:11     | Killed from afar by a rime drake

Levels and vault maps discovered:
D:1:      dpeg_arrival_boxorama, layout_basic, kennysheep_crisscross,
          patterned_corridor
D:2:      layout_basic, lemuel_round_altar, nicolae_tso_swordbearing_angel
D:3:      layout_loops_cross, first_ration, uniq_sigmund, uniq_jessica
D:4:      layout_basic, marbit_many_paths, minmay_crystal_room,
          minmay_checkerbox, uniq_grinder
D:5:      layout_rooms, zin_statuary, kennysheep_little_box
D:6:      layout_basic, minmay_temple_entry_stoned_glass
D:7:      layout_gridville, uniq_duvessa
D:8:      layout_basic
D:9:      layout_basic, grunt_lair_entry_orc_guard_hut, hangedman_fish_farm
D:10:     layout_cave_pools
D:11:     layout_long_grid, hiddenorc1_lemuel, portal_ice_cave_rime,
          grunt_ministairs_6
Temple:   dpeg_five_rooms_temple

Skill      XL: |  1  2  3  4  5  6  7  8  9 10 11 |
---------------+----------------------------------+-----
Shields        | 4 5 6 7 9 |  9.3
Fighting       | 4 5 6 7 8 9 |  9.2
Maces & Flails | 3 4 5 6 7 8 |  8.1
Armour         | 4 5 6 7 8 9 |  9.2
Dodging        | 1 2 3 4 |  4.4
Invocations    | 1 3 |  3.8
Hexes          | 1 2 3 |  3.1

Action                   |  1- 3 |  4- 6 |  7- 9 | 10-12 || total
-------------------------+-------+-------+-------+-------++-------
Melee: Flail             |   154 |   308 |   523 |   421 ||  1406
Throw: Throwing net      |       |       |       |     1 ||     1
Evoke: Wand              |       |       |       |     5 ||     5
  Use: Scroll            |     3 |     2 |     3 |    10 ||    18
       Potion            |       |     2 |     1 |     2 ||     5
 Stab: Invisible         |       |       |       |     3 ||     3
  Eat: Chunk             |     2 |     7 |    13 |     8 ||    30
       Ration            |       |       |       |     1 ||     1
Armor: Scale mail        |   126 |   173 |   271 |   190 ||   760
Dodge: Dodged            |    85 |   109 |   228 |   165 ||   587
Block: Shield            |   110 |   196 |   337 |   272 ||   915

Table legend:
 A = Non-vault XP
 B = Vault XP
 C = Vault XP percentage of total XP
 D = Non-vault monster count
 E = Vault monster count
 F = Vault count percentage of total count
                 A         B        C        D         E       F
            +---------+---------+-------+---------+---------+-------
      Total |   10446 |    2106 |  16.8 |     236 |      25 |   9.6
            +---------+---------+-------+---------+---------+-------
        D:1 |      61 |       0 |   0.0 |      30 |       0 |   0.0
        D:2 |      66 |       0 |   0.0 |      29 |       0 |   0.0
        D:3 |     173 |     197 |  53.2 |      26 |       1 |   3.7
        D:4 |     567 |     381 |  40.2 |      22 |       6 |  21.4
        D:5 |     840 |       0 |   0.0 |      29 |       0 |   0.0
        D:6 |     649 |       0 |   0.0 |      12 |       0 |   0.0
        D:7 |     303 |     215 |  41.5 |       6 |       2 |  25.0
        D:8 |    1699 |       0 |   0.0 |      38 |       0 |   0.0
        D:9 |    2325 |     973 |  29.5 |      12 |       6 |  33.3
       D:10 |    2268 |       0 |   0.0 |      23 |       0 |   0.0
       D:11 |    1495 |     340 |  18.5 |       9 |      10 |  52.6
            +---------+---------+-------+---------+---------+-------
